 Dungeon Crawl Stone Soup version 0.29.1-12-g30fa7ad0bf (webtiles) character file.

Game seed: 16405887140961579483

50201 wingedge the Destroyer (level 14, 0/88 HPs)
             Began as a Gargoyle Earth Elementalist on Dec 14, 2022.
             Was a High Priest of Vehumet.
             Engulfed by a cloud of freezing vapour (10 damage)
             ... on level 5 of the Lair of Beasts.
             The game lasted 01:05:19 (25767 turns).

wingedge the Destroyer (GrEE)                      Turns: 25767, Time: 01:05:20

Health: 0/88       AC: 21    Str: 19    XL:     14   Next: 54%
Magic:  1/29       EV: 17    Int: 21    God:    Vehumet [*****.]
Gold:   724        SH: 13    Dex: 15    Spells: 3/36 levels left

rFire   + . .      SeeInvis .   s - +4 sling "Veiqefruf" {vorpal, Str+7 Dex+5}
rCold   . . .      Faith    .   C - +2 buckler
rNeg    + . .      Spirit   .   M - +0 acid dragon scales
rPois   ∞          Reflect  +   F - +1 hat {Will+}
rElec   +          Harm     .   O - +0 cloak
rCorr   +          Rampage  .   T - +0 pair of gloves
Will    ++...                   (no boots)
Stlth   ++........              j - amulet of reflection
HPRegen 0.24/turn               n - +4 ring of evasion
MPRegen 0.21/turn               y - ring of protection from fire

@: about to teleport, flying, very slightly contaminated, studying Conjurations
A: sickness immunity, AC +10, big wings, negative energy resistance 1,
electricity resistance, torment resistance 1, petrification resistance
a: Renounce Religion


You were on level 5 of the Lair of Beasts.
You worshipped Vehumet.
Vehumet was extremely pleased with you.
You visited 3 branches of the dungeon, and saw 17 of its levels.
You also visited: Bailey and Ice Cave.

You collected 2516 gold pieces.
You spent 1792 gold pieces at shops.

Inventory:

Hand Weapons
 a - the +7 long sword of Disgust {vorpal, rPois Str-4 Int+3}
   (You found it on level 1 of the Lair of Beasts)

   It inflicts extra damage upon your enemies.
   Str:       It affects your strength (-4).
   Int:       It affects your intelligence (+3).
   rPois:     It protects you from poison.
 b - a +5 trident of venom
 m - the +6 trident of Ifott {freeze, rC+}
   (You found it in an ice cave)

   It freezes those it strikes, dealing additional cold damage.
   It can also slow down cold-blooded creatures.
   rC:        It protects you from cold.
 s - the +4 sling "Veiqefruf" (weapon) {vorpal, Str+7 Dex+5}
   (You found it on level 10 of the Dungeon)

   Any ammunition fired from it inflicts extra damage upon your enemies.
   Str:       It affects your strength (+7).
   Dex:       It affects your dexterity (+5).
Missiles
 q - 3 throwing nets
 v - 5 curare-tipped darts
Armour
 i - a +4 scale mail of cold resistance
 C - a +2 buckler (worn)
 F - a +1 hat of willpower (worn)
 M - +0 acid dragon scales (worn)
 O - a +0 cloak (worn)
 R - a scarf of harm
 T - a +0 pair of gloves (worn)
Jewellery
 c - a ring of see invisible
 j - an amulet of reflection (around neck)
 n - a +4 ring of evasion (left hand)
 p - an amulet of regeneration
 y - a ring of protection from fire (right hand)
 A - a +4 ring of protection
 I - a ring of willpower
 K - an amulet of faith
Wands
 w - a wand of roots (26)
 D - a wand of mindburst (16)
 L - a wand of paralysis (4)
 U - a wand of polymorph (4)
Scrolls
 f - 6 scrolls of fear
 l - 4 scrolls of poison
 o - 2 scrolls of blinking
 t - 4 scrolls of immolation
 x - 6 scrolls of teleportation
 B - a scroll of summoning
 E - 3 scrolls of butterflies
 N - 5 scrolls of amnesia
 S - a scroll of enchant weapon {unknown}
Potions
 d - 2 potions of resistance
 e - 4 potions of heal wounds
 g - 2 potions of brilliance
 h - 2 potions of ambrosia {unknown}
 k - 3 potions of berserk rage {unknown}
 u - 4 potions of mutation {unknown}
 z - 7 potions of flight
 G - 9 potions of curing
 H - a potion of cancellation {unknown}
 J - 3 potions of might
 P - a potion of haste
Miscellaneous
 r - a lightning rod (4/4)
 Q - a phantom mirror


   Skills:
 + Level 10.5 Fighting
 - Level 5.0 Armour
 - Level 5.0 Dodging
 - Level 2.1 Stealth
 - Level 7.0 Shields
 + Level 11.5 Spellcasting
 + Level 13.0 Conjurations
 - Level 6.0 Transmutations
 - Level 8.0 Fire Magic
 - Level 4.0 Ice Magic
 - Level 2.0 Air Magic
 + Level 8.0 Earth Magic
 + Level 2.5 Evocations


You had 3 spell levels left.
You knew the following spells:

 Your Spells              Type           Power      Damage    Failure   Level
a - Irradiate             Conj/Tmut      25%        3d20      1%          5
b - Stone Arrow           Conj/Erth      100%       3d13      1%          3
c - Flame Wave            Conj/Fire      54%        2d13      1%          4
d - Fireball              Conj/Fire      27%        3d12      1%          5
e - Starburst             Conj/Fire      27%        6d9       5%          6
f - Freezing Cloud        Conj/Ice/Air   19%        6-21      5%          5
h - Lee's Rapid Deconstr  Erth           22%        3d14*     2%          5

Your spell library contained the following spells:

 Spells                   Type           Power      Damage    Failure   Level
 Sandblast                Erth           90%        2d19      1%          1
 Passwall                 Tmut/Erth      34%        N/A       1%          2
 Static Discharge         Conj/Air       43%        3-9/arc   1%          2
 Inner Flame              Hex/Fire       28%        N/A       1%          3
 Ensorcelled Hibernation  Hex/Ice        40%        N/A       6%          2
 Swiftness                Air            20%        N/A       12%         3
 Gell's Gravitas          Tloc           12%        N/A       26%         3
 Lesser Beckoning         Tloc           12%        N/A       26%         3
 Teleport Other           Tloc           12%        N/A       26%         3
 Fulminant Prism          Conj/Hex       19%        3d11      1%          4
 Iskenderun's Mystic Bla  Conj/Tloc      39%        2d9       1%          4
 Sticky Flame             Conj/Fire      54%        2d7       1%          4
 Petrify                  Tmut/Erth      41%        N/A       4%          4
 Leda's Liquefaction      Hex/Erth       14%        N/A       17%         4
 Blade Hands              Tmut           18%        N/A       22%         5
 Cause Fear               Hex            6%         N/A       65%         4
 Dispel Undead            Necr           12%        3d9       65%         4
 Passage of Golubria      Tloc           12%        N/A       65%         4
 Silence                  Hex/Air        8%         N/A       86%         5
 Lehudib's Crystal Spear  Conj/Erth      27%        10d7      86%         8
 Dragon Form              Tmut           18%        N/A       100%        7
 Discord                  Hex            6%         N/A       100%        8


Dungeon Overview and Level Annotations

Branches:
Dungeon (11/15)            Temple (1/1) D:4            Lair (5/5) D:11
  Swamp (0/4) Lair:2        Snake (0/4) Lair:3        Slime (0/5) Lair:5
    Orc (0/2) D:9          Bailey (visited)           IceCv (visited)

Altars:
Ashenzari
Cheibriados
Dithmenos
Elyvilon
Fedhas
Gozag
Hepliaklqana
Kikubaaqudgha
Makhleb
Nemelex Xobeh
Okawaru
Qazlal
Ru
Sif Muna
Trog
Uskayaw
Vehumet
Wu Jian
Xom
Yredelemnul
Zin
The Shining One
Jiyva

Shops:
D:8 (   D:10 *


Innate Abilities, Weirdness & Mutations

You are immune to sickness and miasma.
Your stone body is resilient. (AC +10)
You are immune to poison.
Your large and strong wings let you fly.
You resist negative energy. (rN+)
You are resistant to electric shocks. (rElec)
You are resistant to unholy torment.
You are immune to petrification.


Message History

The grasping roots constrict the fire dragon!
The roots release their grip on the fire dragon.
Casting: Irradiate (dangerous; 1% risk of failure)
Confirm with . or Enter, or press ? or * to list all spells.
Okay, then.
The forest fire spreads!
The forest fire spreads!
The fire dragon is engulfed in blazing flames.
The fire dragon is engulfed in a forest fire.
The fire dragon breathes flames at you. The blast of flame hits you!
You resist.
* * * LOW HITPOINT WARNING * * *
You feel much better.
The fire dragon is engulfed in a forest fire.
The fire dragon breathes flames at you. The blast of flame hits you!
You resist.
As you read the scroll of teleportation, it crumbles to dust.
You feel strangely unstable.
The fire dragon is engulfed in a forest fire.
The fire dragon is engulfed in blazing flames.
You feel stronger.
You feel agile.
s - the +4 sling "Veiqefruf" (weapon)
{vorpal, Str+7 Dex+5}
Casting: Irradiate (dangerous; 1% risk of failure)
Confirm with . or Enter, or press ? or * to list all spells.
Aiming: Freezing Cloud (dangerous; 5% risk of failure)
Press: ? - help, Dir - move target, p - fire dragon That beam is likely to hit you.
Continue anyway?
You are engulfed in freezing vapours.
The fire dragon is engulfed in freezing vapours.
The fire dragon bites you!
The fire dragon claws you but does no damage.
The fire dragon closely misses you.
You are engulfed in freezing vapours.
* * * LOW HITPOINT WARNING * * *
The fire dragon is engulfed in freezing vapours.
The fire dragon completely misses you.
The fire dragon claws you but does no damage.
The fire dragon barely misses you.
You are engulfed in freezing vapours.
You die...

#....♣~~♣♣≈~.♣♣.~.~≈≈~..#
#...~~♣♣..≈~♣..~≈≈≈≈~♣
#.♣.[.≈♣♣♣..≈.♣...≈≈≈~♣ #
♣.~~♣..♣..~..§..~≈≈~♣ ###
♣~≈÷♣..♣..~♣♣○[○~.~.♣♣
..#♣♣.~.♣÷..♣♣§§§○§.~~...♣
..#♣..~~÷♣÷÷.♣§♣§≈○○~~.♣♣.#
.##...~....♣♣♣♣☼D≈≈~P...♣##
..#...~....♣ ♣♣@§~...§.#
..#..~≈..### ♣.♣♣♣.♣.°##
...........# ## ######
.#...........# #..# .#
<.##...P....####..# ..#
.#.#....#...# #...##..#
..#....###..###...#(..# .
.##...#.##...##.....÷.#..
..#.P.......##.........P.


You could see a fire dragon.

Vanquished Creatures
  Gastronok (D:11)
  10 hydras
  A two-headed ogre (D:9)
  The ghost of Radix the Slicer, a journeyman KoBr of Wu Jian (Lair:2)
  A centaur warrior (D:11)
  A death yak (Lair:1)
  A lindwurm (Lair:5)
  A swamp dragon (Lair:5)
  3 oklob plants (Lair:4)
  3 ugly things
  10 elephants
  2 black mambas
  3 ice statues (IceCv)
  Psyche (D:11)
  A kobold demonologist (D:9)
  10 cane toads
  2 ice devils (Lair:3)
  5 rime drakes
  14 komodo dragons
  A freezing wraith (IceCv)
  A polar bear (Lair:3)
  3 meliai (D:11)
  3 trolls
  6 hornets (Lair:4)
  12 blink frogs
  3 shadows
  A vampire (D:10)
  9 wyverns
  Eustachio (D:4)
  38 yaks
  2 basilisks
  2 steam dragons
  A death yak simulacrum (IceCv)
  2 acid dragons
  3 hydra simulacra (IceCv)
  The ghost of warriortoast the Shooter, an amateur SpHu (D:6)
  13 water moccasins
  5 black bears
  14 orc warriors
  2 swamp drakes
  An ice beast (D:5)
  A sky beast (D:7)
  2 ogres
  4 centaurs
  18 wolves
  3 kobold brigands
  5 scorpions
  11 bullfrogs
  A necrophage (D:5)
  A cane toad simulacrum (IceCv)
  6 wights
  25 killer bees
  5 electric eels
  4 hounds
  16 jellies
  6 orc priests
  12 iguanas
  6 orc wizards
  7 hell rats (Lair:1)
  2 polar bear simulacra (IceCv)
  A wolf simulacrum (IceCv)
  3 adders
  13 river rats (Lair:1)
  A shadow imp (D:5)
  An ufetubus (D:5)
  9 worms
  A dart slug (D:1)
  34 orcs
  5 endoplasms
  A giant cockroach (D:1)
  14 goblins
  13 hobgoblins
  11 quokkas
  3 ball pythons
  3 bats
  4 frilled lizards
  30 kobolds
  11 rats
488 creatures vanquished.

Vanquished Creatures (others)
  41 fungi
  75 plants
116 creatures vanquished.

Grand Total: 604 creatures vanquished

Notes
Turn   | Place    | Note
-------+----------+-------------------------------------------
     0 | D:1      | wingedge the Gargoyle Earth Elementalist began the quest
                  | for the Orb.
     0 | D:1      | Reached XP level 1. HP: 10/10 MP: 3/3
   132 | D:1      | Reached XP level 2. HP: 15/15 MP: 1/5
   406 | D:1      | Found a faded altar of an unknown god.
   540 | D:1      | Reached skill level 1 in Fighting
  1083 | D:1      | Reached XP level 3. HP: 21/21 MP: 4/6
  1622 | D:2      | Reached skill level 1 in Conjurations
  1717 | D:2      | Learned a level 3 spell: Stone Arrow
  2521 | D:3      | Got the Compilation of Combat Magic and the Ground
  2548 | D:3      | Reached skill level 2 in Conjurations
  2779 | D:3      | Found an iron altar of Okawaru.
  2968 | D:3      | Reached XP level 4. HP: 26/26 MP: 5/7
  3298 | D:4      | Reached skill level 3 in Conjurations
  3307 | D:4      | Reached XP level 5. HP: 16/30 MP: 0/8
  3758 | D:4      | Found a snail-covered altar of Cheibriados.
  4001 | D:4      | Reached skill level 4 in Conjurations
  4065 | D:4      | Noticed a black bear
  4337 | D:4      | Noticed Eustachio
  4350 | D:4      | Killed Eustachio
  4351 | D:4      | Reached XP level 6. HP: 33/35 MP: 2/12
  4430 | D:4      | Found a staircase to the Ecumenical Temple.
  4435 | Temple   | Entered the Ecumenical Temple
  4548 | Temple   | Became a worshipper of Vehumet
  4748 | D:5      | Entered Level 5 of the Dungeon
  5195 | D:5      | Noticed a black bear
  5197 | D:5      | Killed a black bear
  5198 | D:5      | Reached skill level 5 in Conjurations
  5198 | D:5      | Reached XP level 7. HP: 41/41 MP: 6/13
  5646 | D:5      | Found a blossoming altar of Fedhas.
  5807 | D:5      | Reached skill level 6 in Conjurations
  6115 | D:6      | Found a runed translucent door.
  6115 | D:6      | Noticed warriortoast's ghost (amateur SpHu)
  6127 | D:6      | Killed warriortoast's ghost
  6129 | D:6      | Reached skill level 5 in Fighting
  6129 | D:6      | Reached XP level 8. HP: 42/49 MP: 1/14
  6147 | D:5      | Reached skill level 5 in Spellcasting
  6493 | D:6      | Found a runed translucent door.
  6918 | D:6      | Reached skill level 7 in Conjurations
  6918 | D:6      | Reached skill level 1 in Fire Magic
  6961 | D:6      | Learned a level 4 spell: Flame Wave
  7018 | D:6      | Reached * piety under Vehumet
  7018 | D:6      | Offered knowledge of Shock by Vehumet.
  7552 | D:6      | Found a bloodstained altar of Trog.
  7799 | D:7      | Reached XP level 9. HP: 50/54 MP: 5/18
  7966 | D:7      | Learned a level 5 spell: Fireball
  7967 | D:7      | Found a glowing golden altar of the Shining One.
  7968 | D:7      | Found an opulent altar of Gozag.
  8042 | D:7      | Reached skill level 5 in Fire Magic
  9168 | D:8      | Reached XP level 10. HP: 63/63 MP: 10/19
  9169 | D:8      | Found a flagged portal.
  9179 | Bailey   | Entered a bailey
  9267 | Bailey   | Reached skill level 1 in Shields
 10475 | D:8      | Offered knowledge of Magic Dart by Vehumet.
 10955 | D:8      | Found Kokirit's Antique Weapon Emporium.
 11163 | D:9      | Noticed a kobold demonologist
 11164 | D:9      | Reached ** piety under Vehumet
 11165 | D:9      | Reached skill level 5 in Shields
 11166 | D:9      | Noticed an orange demon
 11172 | D:9      | Killed a kobold demonologist
 11177 | D:9      | Noticed a two-headed ogre
 11280 | D:9      | Killed a two-headed ogre
 11281 | D:9      | Reached XP level 11. HP: 21/68 MP: 9/23
 11819 | D:9      | Found a staircase to the Orcish Mines.
 11825 | D:9      | Offered knowledge of Static Discharge by Vehumet.
 12262 | D:9      | Found a broken altar of Ashenzari.
 12306 | D:9      | Reached *** piety under Vehumet
 12568 | D:10     | Entered Level 10 of the Dungeon
 12575 | D:10     | Learned a level 5 spell: Irradiate
 12683 | D:10     | Reached skill level 1 in Transmutations
 12710 | D:10     | Found Omuy's Demolitions Depot.
 12742 | D:10     | Identified the +4 sling "Veiqefruf" {vorpal, Str+7 Dex+5}
 13428 | D:10     | Offered knowledge of Frozen Ramparts by Vehumet.
 13450 | D:10     | Reached skill level 8 in Conjurations
 14858 | D:11     | Found a staircase to the Lair.
 14859 | D:11     | Noticed a centaur warrior
 14866 | D:11     | Reached skill level 9 in Conjurations
 14867 | D:11     | Killed a centaur warrior
 14868 | D:11     | Reached skill level 5 in Transmutations
 14868 | D:11     | Reached XP level 12. HP: 52/73 MP: 12/25
 14874 | D:11     | Noticed Psyche
 14897 | D:11     | Killed Psyche
 14897 | D:11     | Reached **** piety under Vehumet
 14982 | D:11     | Reached skill level 10 in Conjurations
 15638 | D:11     | Noticed Gastronok
 15654 | D:11     | Killed Gastronok
 15942 | D:11     | Found a shimmering altar of Xom.
 16035 | Lair:1   | Entered Level 1 of the Lair of Beasts
 16071 | Lair:1   | Offered knowledge of Olgreb's Toxic Radiance by Vehumet.
 16169 | Lair:1   | Noticed an eight-headed hydra
 16173 | Lair:1   | Killed an eight-headed hydra
 16379 | Lair:1   | Noticed a six-headed hydra
 16386 | Lair:1   | Killed a six-headed hydra
 16555 | Lair:1   | Noticed a five-headed hydra
 16559 | Lair:1   | Killed a five-headed hydra
 16560 | Lair:1   | Reached skill level 10 in Spellcasting
 17208 | Lair:1   | Identified the +7 long sword of Disgust {vorpal, rPois
                  | Str-4 Int+3}
 17304 | Lair:1   | Noticed a death yak
 17333 | Lair:1   | Killed a death yak
 17334 | Lair:1   | Reached skill level 5 in Earth Magic
 18328 | Lair:2   | Reached XP level 13. HP: 79/79 MP: 17/27
 18446 | Lair:2   | Reached skill level 1 in Armour
 19196 | Lair:2   | Found a staircase to the Swamp.
 19216 | Lair:2   | Reached skill level 5 in Dodging
 19217 | Lair:2   | Reached ***** piety under Vehumet
 19217 | Lair:2   | Offered knowledge of Freezing Cloud by Vehumet.
 19340 | Lair:2   | Found a runed translucent door.
 19341 | Lair:2   | Noticed Radix's ghost (journeyman KoBr)
 19796 | Lair:2   | Killed Radix's ghost
 19921 | Lair:2   | Learned a level 5 spell: Freezing Cloud
 20048 | Lair:3   | Reached skill level 1 in Ice Magic
 20195 | Lair:3   | Reached skill level 1 in Air Magic
 20390 | Lair:3   | Found a frozen archway.
 20402 | IceCv    | Entered an ice cave
 20407 | IceCv    | Reached skill level 11 in Conjurations
 21058 | IceCv    | Identified the +6 trident of Ifott {freeze, rC+}
 21124 | Lair:3   | Identified a scroll of acquirement
 21126 | Lair:3   | Acquired 1203 gold pieces
 21291 | D:10     | Bought a book of Blasting for 512 gold pieces
 21291 | D:10     | Bought a manual of Conjurations for 1280 gold pieces
 21299 | D:10     | Learned a level 5 spell: Lee's Rapid Deconstruction
 21596 | Lair:3   | Found a staircase to the Snake Pit.
 22895 | Lair:4   | Gained mutation: Your large and strong wings let you fly.
                  | [Gargoyle growth]
 22895 | Lair:4   | Reached XP level 14. HP: 87/87 MP: 21/29
 23428 | Lair:4   | Reached skill level 12 in Conjurations
 23518 | Lair:4   | Reached skill level 5 in Armour
 23648 | Lair:4   | Identified the +9 mace of War {chaos, rC+ Str+4 Int-4}
 24062 | Lair:5   | Entered Level 5 of the Lair of Beasts
 24073 | Lair:4   | Reached skill level 10 in Fighting
 24479 | Lair:5   | Offered knowledge of Starburst by Vehumet.
 24480 | Lair:5   | Reached skill level 1 in Evocations
 24850 | Lair:5   | Learned a level 6 spell: Starburst
 25020 | Lair:5   | Found a staircase to the Slime Pits.
 25020 | Lair:5   | Found a viscous altar of Jiyva.
 25748 | Lair:5   | Reached skill level 13 in Conjurations
 25767 | Lair:5   | Engulfed by a cloud of freezing vapour

Illustrated notes

Levels and vault maps discovered:
D:1:      dpeg_arrival_radiant, layout_basic, ebering_ecumenical_altar_rust
D:2:      minmay_door_path, layout_basic
D:3:      layout_loops_ring, okawaru_gym_becter, serial_forest,
          infiniplex_forest_end_2, infiniplex_forest_lined_room_,
          infiniplex_forest_clump_curved, infiniplex_forest_zigzag_1,
          infiniplex_forest_zigzag_1, infiniplex_forest_clump_long
D:4:      layout_loops_ring, cheibriados_altar_1, temple_doors_cd,
          nicolae_wormholes, uniq_eustachio
D:5:      layout_loops_corners, fedhas_altar_4
D:6:      cheibrodos_thug_alley, layout_loops_ring,
          mainiacjoe_overflow_surrounded_room, ebering_ghost_sewer_f
D:7:      layout_loops_ring, chequers_temple_overflow_statue_of_worship,
          st_stairs_7, minmay_misc_feat_iff
D:8:      layout_basic, serial_shops, nicolae_shop_behind_doors, enter_bailey_3
D:9:      layout_cave_pools, nicolae_ashenzari_panopticon, erik_orc_1
D:10:     layout_loops_corners, serial_bayou, serial_bayou_pond_a,
          serial_bayou_pond_e, serial_bayou_pond_e, serial_bayou_lagoon_a,
          minmay_misc_feat_x, nicolae_blasting_shop, minmay_misc_feat_columns
D:11:     layout_irregular_city, minmay_lair_entry_grove, tgw_xom, uniq_psyche,
          uniq_gastronok
Temple:   regret_index_temple_waves
Lair:1:   lemuel_ratsnest, layout_layer_cave, lemuel_fruit_tree
Lair:2:   beast_lair_carwin_large_3, layout_regular_city, swamp_mist,
          hellmonk_ghost_happy_afterlife, infiniplex_staircase_pool_2
Lair:3:   layout_gridlike, minmay_snake_entry_six_corridors,
          portal_ice_cave_demonic_guard
Lair:4:   minmay_lair_oklob_chamber, layout_misc_corridors, serial_bayou,
          serial_bayou_shore_b, serial_bayou_crossing, serial_bayou_pond_e,
          serial_bayou_shore_a, serial_bayou_ford_a, serial_bayou_pond_e,
          nicolae_quartered_pool_medium, dreamdust_wasp_nest
Lair:5:   guppyfry_lair_end_dragon, layout_long_grid,
          minmay_slime_entry_jelly_boxes

Skill      XL: |  1  2  3  4  5  6  7  8  9 10 11 12 13 14 |
---------------+-------------------------------------------+-----
Earth Magic    | 4 5 6 8 |  8.0
Dodging        | 2 3 4 5 |  5.0
Fighting       | 1 2 3 5 7 8 9 10 | 10.5
Conjurations   | 2 3 4 5 6 7 9 10 11 13 | 13.0
Spellcasting   | 4 6 8 9 10 11 | 11.5
Fire Magic     | 3 7 8 |  8.0
Shields        | 6 7 |  7.0
Transmutations | 5 6 |  6.0
Armour         | 4 5 |  5.0
Ice Magic      | 3 4 |  4.0
Air Magic      | 2 |  2.0
Evocations     | 2 |  2.5
Stealth        | |  2.1

Action                   |  1- 3 |  4- 6 |  7- 9 | 10-12 | 13-15 || total
-------------------------+-------+-------+-------+-------+-------++-------
Melee: Spear             |       |    21 |    84 |       |       ||   105
       Punch             |       |       |     1 |       |       ||     1
       Dagger            |       |       |       |    53 |       ||    53
       Trident           |       |       |       |    28 |    15 ||    43
       Long sword        |       |       |       |     9 |    57 ||    66
 Fire: Sling             |       |       |       |    32 |     2 ||    34
Throw: Dart              |       |       |     5 |       |       ||     5
 Cast: Sandblast         |    60 |    31 |     1 |       |       ||    92
       Stone Arrow       |       |    20 |    88 |   171 |   141 ||   420
       Flame Wave        |       |       |     8 |    34 |    15 ||    57
       Fireball          |       |       |       |    29 |    54 ||    83
       Irradiate         |       |       |       |     3 |    15 ||    18
       Lee's Rapid Decon |       |       |       |       |    14 ||    14
       Freezing Cloud    |       |       |       |       |    25 ||    25
       Starburst         |       |       |       |       |     3 ||     3
Evoke: Wand              |       |     2 |     5 |       |     2 ||     9
  Use: Potion            |       |     1 |       |     4 |     7 ||    12
       Scroll            |       |       |    12 |    10 |     9 ||    31
Armor: Robe              |     1 |       |       |       |       ||     1
       Leather armour    |       |    34 |    56 |    45 |       ||   135
       Scale mail        |       |       |       |    52 |     2 ||    54
       Acid dragon scale |       |       |       |     5 |    55 ||    60
Dodge: Dodged            |     9 |    51 |    75 |   123 |    69 ||   327
Block: Other             |       |    12 |    18 |       |       ||    30
       Reflection        |       |     1 |     1 |     3 |     1 ||     6
       Buckler           |       |       |    32 |   156 |   103 ||   291
